Map: Grań Lerilaka

Players

macho

  • Race: Protoss Protoss

SadchikovS - Winner!

  • Race: Protoss Protoss
  • League: Gold

VOD

Have the link to the VOD?

Description

Time

  • Played on: Dec. 27, 2015, 2:32 p.m.
  • Length: 9:03
Show
View Real Time Build Order
Export as new Build Order

macho Protoss 

Build Orders:  

Get SALT Encoding   

  12  0:03  Probe (Chrono Boost)  
  14  0:14  Probe (Chrono Boost)  
  14  0:19  Pylon  
  14  0:24  Probe (Chrono Boost)  
  15  0:38  Probe (Chrono Boost)  
  16  0:48  Probe (Chrono Boost)  
  17  0:59  Probe (Chrono Boost)  
  18  1:13  Probe (Chrono Boost)  
  18  1:16  Nexus  
  19  1:19  Gateway  
  19  1:26  Probe (Chrono Boost)  
  19  1:32  Pylon  
  20  1:37  Gateway  
  20  1:41  Assimilator  
  20  1:45  Probe (Chrono Boost)  
  21  1:57  Probe (Chrono Boost)  
  22  2:08  Cybernetics Core  
  22  2:12  Probe (Chrono Boost)  
  23  2:19  Zealot (Chrono Boost)  
  25  2:23  Probe  
  25  2:27  Probe  
  27  2:31  Assimilator  
  27  2:35  Probe  
  28  2:37  Probe  
  28  2:42  Zealot (Chrono Boost)  
  31  2:46  Warp Gate (Chrono Boost)  
  31  2:47  Probe  
  31  2:49  Probe  
  33  2:58  Stalker  
  33  3:01  Probe  
  36  3:06  Probe  
  37  3:13  Probe, Pylon  
  37  3:16  Pylon  
  37  3:17  Twilight Council  
  38  3:28  Robotics Facility  
  38  3:36  Probe  
  38  3:38  Probe  
  38  3:41  Gateway  
  39  3:47  Probe  
  39  3:50  Stalker  
  39  3:54  Zealot  
  44  4:01  Assimilator  
  44  4:05  Assimilator  
  44  4:10  Probe x2  
  44  4:13  Gateway  
  46  4:17  Charge (Chrono Boost)  
  46  4:24  Probe  
  46  4:27  Probe  
  48  4:41  Immortal  
  48  4:43  Probe  
  53  4:48  Zealot  
  53  4:49  Zealot x2  
  59  4:54  Probe  
  60  5:03  Dark Shrine  
  60  5:04  Probe  
  61  5:17  Pylon  
  61  5:19  Probe  
  62  5:21  Pylon  
  62  5:33  Probe  
  63  5:37  Immortal  
  67  5:49  Pylon  
  67  5:55  Blink (Chrono Boost)  
  67  5:56  Zealot x4  
  75  6:03  Pylon  
  75  6:15  Nexus  
  75  6:18  Pylon  
  75  6:22  Dark Templar x3  
  75  6:23  Dark Templar, Pylon  
  75  6:25  Assimilator  
  83  6:31  Probe, Assimilator  
  83  6:33  Probe  
  77  7:02  Stalker  
  77  7:03  Stalker x3  
  77  7:04  Probe  
  77  7:06  Probe  
  87  7:18  Probe  
  87  7:22  Gateway x2  
  82  7:27  Zealot x3  
  82  7:28  Zealot, Robotics Facility  
  52  7:44  Zealot x3  
  52  7:46  Probe  
  52  7:47  Probe  
  52  7:49  Probe  
  60  7:53  Stalker  
  60  7:56  Probe  
  63  8:07  Probe  
  63  8:08  Dark Templar x3  
  59  8:37  Zealot  
  50  8:54  Stalker  
  50  8:55  Stalker, Sentry  
Show
View Real Time Build Order
Export as new Build Order

SadchikovS Protoss - Winner!

Build Orders: Nexus First 

Get SALT Encoding   

  12  0:01  Probe (Chrono Boost)  
  13  0:12  Probe (Chrono Boost)  
  14  0:20  Pylon  
  14  0:23  Probe (Chrono Boost)  
  15  0:38  Probe (Chrono Boost)  
  16  1:00  Nexus  
  16  1:02  Probe (Chrono Boost)  
  17  1:12  Gateway  
  17  1:15  Probe (Chrono Boost)  
  18  1:25  Assimilator  
  18  1:26  Probe (Chrono Boost)  
  19  1:36  Probe (Chrono Boost)  
  19  1:39  Pylon  
  21  1:47  Probe (Chrono Boost)  
  21  1:52  Assimilator  
  21  2:02  Cybernetics Core  
  21  2:06  Probe (Chrono Boost)  
  22  2:18  Probe (Chrono Boost)  
  22  2:20  Probe (Chrono Boost)  
  24  2:29  Probe (Chrono Boost)  
  25  2:35  Probe (Chrono Boost)  
  26  2:39  Stalker, Probe (Chrono Boost)  
  29  2:46  Probe (Chrono Boost)  
  29  2:47  Gateway  
  29  2:50  Probe (Chrono Boost)  
  31  2:56  Pylon  
  32  2:58  Probe (Chrono Boost)  
  32  3:00  Assimilator  
  32  3:03  Mothership Core (Chrono Boost)  
  34  3:07  Probe (Chrono Boost)  
  35  3:13  Stalker  
  35  3:17  Probe  
  38  3:24  Probe, Forge  
  39  3:28  Probe  
  40  3:35  Pylon  
  40  3:36  Probe  
  40  3:39  Probe  
  40  3:41  Stalker  
  44  3:45  Stalker, Warp Gate (Chrono Boost)  
  46  3:51  Probe  
  46  3:53  Probe  
  48  3:59  Pylon  
  48  4:05  Probe x2, Protoss Ground Weapons Level 1 (Chrono Boost)  
  48  4:08  Gateway  
  48  4:09  Pylon  
  50  4:17  Stalker, Probe  
  50  4:20  Stalker  
  50  4:23  Probe  
  55  4:28  Assimilator  
  55  4:29  Probe  
  57  4:38  Probe, Robotics Facility  
  57  4:41  Probe  
  59  4:47  Stalker  
  59  4:49  Stalker  
  63  4:53  Photon Cannon  
  63  4:57  Pylon  
  63  5:23  Nexus  
  63  5:25  Pylon  
  63  5:29  Observer (Chrono Boost)  
  63  5:32  Stalker x3  
  70  5:44  Protoss Ground Armor Level 1  
  70  5:53  Gateway  
  70  5:54  Gateway  
  70  5:56  Immortal (Chrono Boost), Gateway  
  74  6:09  Twilight Council  
  74  6:18  Stalker x2  
  76  6:19  Stalker  
  84  6:33  Immortal (Chrono Boost)  
  84  6:42  Probe  
  84  6:43  Probe x2  
  87  6:52  Probe  
  87  6:55  Probe  
  87  7:04  Stalker x2  
  87  7:05  Stalker  
  87  7:07  Stalker  
  87  7:08  Stalker x2  
  75  7:45  Stalker x3  
  75  7:46  Stalker  
  75  7:47  Stalker x2  
  75  7:50  Immortal (Chrono Boost)  
  91  7:56  Mothership Core  
  93  8:05  Probe  
  93  8:06  Probe  
  93  8:09  Assimilator  
  93  8:11  Assimilator  
  95  8:17  Probe  
  95  8:18  Probe  
  95  8:34  Stalker  
  95  8:35  Stalker  
  95  8:36  Stalker  
  95  8:37  Stalker x2  
  95  8:38  Stalker  
Tags
 
League
Gold
Matchup
PvP
Add a new tag
Caveats
  • Supply blocks, unpowered buildings, or Contaminate may cause inaccurate times.
  • Supply counts are checked every 10 seconds.